 Dungeon Crawl Stone Soup version 0.23.0 (webtiles) character file.

Game seed: 4585091884157704228

465 jgonzale2218 the Chopper (level 7, -5/60 HPs)
             Began as a Hill Orc Wanderer on Feb 20, 2019.
             Was a Follower of Makhleb.
             Slain by a crocodile (7 damage)
             ... on level 5 of the Dungeon on Feb 21, 2019.
             The game lasted 00:11:22 (3328 turns).

jgonzale2218 the Chopper (Hill Orc Wanderer)        Turns: 3328, Time: 00:11:23

Health: -5/60      AC: 13    Str: 16    XL:     7   Next: 8%
Magic:  7/7        EV:  9    Int: 10    God:    Makhleb [*.....]
Gold:   131        SH:  0    Dex: 13    Spells: 6/6 levels left

rFire    x . .     SeeInvis .   c - +0 hand axe
rCold    + + .     Gourm    .   (no shield)
rNeg     . . .     Faith    .   t - +2 ice dragon scales
rPois    .         Spirit   .   (no helmet)
rElec    .         Reflect  .   (no cloak)
rCorr    .         Harm     .   (no gloves)
MR       .....                  r - +0 pair of boots
Stlth    ..........             (no amulet)
HPRegen  0.20/turn              (no ring)
MPRegen  0.10/turn              (no ring)

@: no status effects
A: no striking features
a: Renounce Religion


You were on level 5 of the Dungeon.
You worshipped Makhleb.
Makhleb was aware of your devotion.
You were not hungry.

You visited 1 branch of the dungeon, and saw 5 of its levels.

You collected 131 gold pieces.

Inventory:

Hand Weapons
 c - a +0 hand axe (weapon)
 d - a +0 dagger
Armour
 a - a +3 scale mail
 j - a -1 cloak
 r - a +0 pair of boots (worn)
 t - +2 ice dragon scales (worn)
Wands
 o - a wand of paralysis (10)
Scrolls
 b - 4 scrolls of teleportation
 e - 3 scrolls of remove curse
 l - a scroll of magic mapping
 m - 3 scrolls of identify
 q - a scroll of enchant weapon {unknown}
 s - a scroll of fear {unknown}
Potions
 g - 2 potions of brilliance {unknown}
 h - 2 potions of agility {unknown}
 i - 2 potions of degeneration {unknown}
 k - 2 potions of heal wounds {unknown}
 n - 2 potions of cancellation
 p - 2 potions of curing {unknown}
 u - a potion of haste {unknown}
Comestibles
 f - 4 rations


   Skills:
 + Level 4.4 Fighting
 + Level 7.7 Axes
   Level 1.0 Bows
 + Level 4.1 Armour
 + Level 1.5 Dodging
 + Level 1.6 Stealth


You had 6 spell levels left.
You didn't know any spells.
Your spell library was empty.

Dungeon Overview and Level Annotations

Branches:
Dungeon (5/15)             Temple (0/1) D:4

Altars:
Kikubaaqudgha
Makhleb
Qazlal
Sif Muna
Wu Jian
Yredelemnul
Zin


Message History

The crocodile bites you!
* * * LOW HITPOINT WARNING * * *
You hit the crocodile but do no damage.
The crocodile is heavily wounded.
The crocodile bites you but does no damage.
You hit the crocodile but do no damage.
The crocodile is heavily wounded.
The crocodile bites you!
* * * LOW HITPOINT WARNING * * *
You hit the crocodile but do no damage.
The crocodile is heavily wounded.
You hit the crocodile but do no damage.
The crocodile is heavily wounded.
The crocodile barely misses you.
Unknown command.
Aiming: Paralyse
Press: ? - help, Shift-Dir - straight line, f - crocodile
Aim: a crocodile (heavily wounded, chance to defeat MR: 46%)
The crocodile resists with some effort.
The crocodile bites you!
You die...

.... +.........+
#... #.........#
##..# ##.......##
##...## ##.....##
..... ##...## ...
##'## #.# ##...##
#t# ##.....### #@#
##........# #.#
#..........
#.######.........#
#................#
#########.......##
##.....## ##...##
#####


You could see a crocodile.

Vanquished Creatures
  A centaur (D:5)
  2 howler monkeys
  A centaur skeleton (D:4)
  An iguana (D:4)
  2 worker ants (D:4)
  4 gnolls (D:4)
  6 adders
  An adder skeleton (D:4)
  A worm (D:4)
  A dart slug (D:4)
  A leopard gecko (D:1)
  6 orcs
  12 giant cockroaches
  11 goblins
  8 hobgoblins
  10 jackals
  3 quokkas
  5 ball pythons
  9 bats
  6 frilled lizards
  10 kobolds
  2 quokka skeletons
  7 rats
110 creatures vanquished.

Notes
Turn   | Place    | Note
-------+----------+-------------------------------------------
     0 | D:1      | jgonzale2218 the Hill Orc Wanderer began the quest for the
                  | Orb.
     0 | D:1      | jgonzale2218 set off with the following items: a +2 scale
                  | mail, a scroll of teleportation, a +0 hand axe, a +0
                  | dagger, a ration
     0 | D:1      | Reached XP level 1. HP: 18/18 MP: 1/1
    63 | D:1      | Reached XP level 2. HP: 20/25 MP: 2/2
   132 | D:1      | Reached skill level 5 in Axes
   137 | D:1      | Reached XP level 3. HP: 10/30 MP: 3/3
   848 | D:2      | Reached XP level 4. HP: 37/38 MP: 4/4
  1374 | D:2      | Found a basalt altar of Yredelemnul.
  1391 | D:2      | Reached skill level 6 in Axes
  1391 | D:2      | Reached XP level 5. HP: 30/45 MP: 5/5
  1394 | D:2      | Found a glowing silver altar of Zin.
  1396 | D:2      | Found a deep blue altar of Sif Muna.
  1402 | D:2      | Found an ancient bone altar of Kikubaaqudgha.
  1402 | D:2      | Found a burning altar of Makhleb.
  1402 | D:2      | Found an ornate altar of the Wu Jian Council.
  1403 | D:2      | Found a stormy altar of Qazlal.
  1438 | D:2      | Became a worshipper of Makhleb the Destroyer
  2199 | D:3      | Reached skill level 1 in Dodging
  2447 | D:4      | Reached XP level 6. HP: 48/51 MP: 6/6
  2567 | D:4      | Reached * piety under Makhleb
  2575 | D:4      | Reached skill level 7 in Axes
  2592 | D:4      | Found a staircase to the Ecumenical Temple.
  3155 | D:5      | Entered Level 5 of the Dungeon
  3175 | D:5      | Reached XP level 7. HP: 41/60 MP: 7/7
  3325 | D:5      | HP: 1/60 [crocodile (8)]
  3328 | D:5      | Slain by a crocodile

Skill      XL: |  1  2  3  4  5  6 |
---------------+-------------------+-----
Axes           | 5 6 7 |  7.7
Fighting       | 3 4 |  4.4
Armour         | 3 4 |  4.1
Dodging        | 1 |  1.5
Bows           | |  1.0
Stealth        | |  1.6

Action                   |  1- 3 |  4- 6 |  7- 9 || total
-------------------------+-------+-------+-------++-------
Melee: Hand axe          |   132 |   313 |    16 ||   461
Evoke: Wand              |       |       |     1 ||     1
  Use: Scroll            |     3 |     5 |       ||     8
  Eat: Ration            |       |     3 |       ||     3
Armor: Scale mail        |   118 |   159 |       ||   277
       Ice dragon scales |       |    33 |     4 ||    37
Dodge: Dodged            |    99 |   173 |     3 ||   275
